 Dungeon Crawl Stone Soup version 0.30-a0-42-g806c11bf1d (webtiles) character file.

Game seed: 18288762686536217119

2224 Kinoniko the Chopper (level 9, -6/74 HPs)
             Began as a Gnoll Berserker on Aug 30, 2022.
             Was a Priest of Trog.
             Mangled by an iguana (9 damage)
             ... on level 7 of the Dungeon.
             The game lasted 00:06:53 (7767 turns).

Kinoniko the Chopper (Gnoll Berserker)              Turns: 7767, Time: 00:06:54

Health: -6/74      AC:  8    Str: 22    XL:     9   Next: 35%
Magic:  15/15      EV: 14    Int:  6    God:    Trog [***...]
Gold:   324        SH:  0    Dex: 15    Spells: 16/16 levels left

rFire   + . .      SeeInvis .    D - +3 scimitar (protect)
rCold   . . .      Faith    .    (no shield)
rNeg    + + .      Spirit   .    i - +0 ring mail
rPois   .          Reflect  .    (no helmet)
rElec   .          Harm     .    s - +1 cloak
rCorr   .          Rampage  .    (no gloves)
Will    +....                    (no boots)
Stlth   ++........               (no amulet)
HPRegen 0.22/turn                v - ring "Sairax" {Drain rF+ rN++ Dex+4}
MPRegen 0.14/turn                y - ring of willpower

@: mighty, on berserk cooldown, slowed, very slow
A: fangs 1, strong nose, distributed training
a: Renounce Religion, Berserk, Trog's Hand


You were on level 7 of the Dungeon.
You worshipped Trog.
Trog was most pleased with you.
You visited 1 branch of the dungeon, and saw 7 of its levels.

You collected 324 gold pieces.

Inventory:

Hand Weapons
 a - a +0 hand axe of chaos
 h - a +2 whip of venom
 D - a +3 scimitar of protection (weapon)
 E - a +3 war axe
 H - a +5 battleaxe
 M - a +0 broad axe
Missiles
 m - 2 throwing nets (quivered)
Armour
 b - a +0 animal skin
 g - a +0 leather armour
 i - a +0 ring mail (worn)
 p - a scarf of harm
 s - a +1 cloak (worn)
Jewellery
 t - an amulet of magic regeneration
 v - the ring "Sairax" (left hand) {Drain rF+ rN++ Dex+4}
   (You found it on level 3 of the Dungeon)

   [ring of protection from fire]

   Dex:       It affects your dexterity (+4).
   rF:        It protects you from fire.
   rN:        It greatly protects you from negative energy.
   Drain:     It drains your maximum health when unequipped.
 y - a ring of willpower (right hand)
Wands
 d - a wand of digging (7)
Scrolls
 c - 4 scrolls of fear
 n - 3 scrolls of teleportation
 o - 2 scrolls of summoning
 r - 2 scrolls of noise
 u - a scroll of fog
 w - a scroll of magic mapping
 x - a scroll of silence
 I - a scroll of identify
Potions
 e - a potion of degeneration {unknown}
 f - a potion of might
 j - 3 potions of haste
 k - 2 potions of berserk rage
 l - a potion of cancellation {unknown}
 q - 2 potions of heal wounds {unknown}
 z - a potion of mutation {unknown}
 A - a potion of flight {unknown}
 B - 2 potions of brilliance {unknown}
 C - 2 potions of attraction {unknown}
 F - a potion of magic {unknown}
 G - a potion of curing {unknown}
 J - a potion of invisibility {unknown}
 K - a potion of lignification {unknown}
 L - a potion of resistance {unknown}


   Skills:
 + Level 7.9 Fighting
 + Level 4.3 Short Blades
 + Level 4.3 Long Blades
 + Level 7.9 Axes
 + Level 4.3 Maces & Flails
 + Level 4.3 Polearms
 + Level 4.3 Staves
 + Level 4.3 Ranged Weapons
 + Level 4.3 Throwing
 + Level 6.3 Armour
 + Level 6.3 Dodging
 + Level 4.3 Stealth
 + Level 4.3 Shields
 + Level 4.3 Unarmed Combat
 + Level 4.3 Spellcasting
 + Level 3.5 Conjurations
 + Level 3.5 Hexes
 + Level 3.5 Summonings
 + Level 3.5 Necromancy
 + Level 3.5 Translocations
 + Level 3.5 Transmutations
 + Level 3.5 Fire Magic
 + Level 3.5 Ice Magic
 + Level 3.5 Air Magic
 + Level 3.5 Earth Magic
 + Level 3.5 Poison Magic
 + Level 4.7 Invocations
 + Level 4.3 Evocations


You had 16 spell levels left.
You didn't know any spells.
Your spell library was empty.

Dungeon Overview and Level Annotations

Branches:
Dungeon (7/15)             Temple (0/1) D:4

Altars:
Kikubaaqudgha
Nemelex Xobeh
Okawaru
Ru
Vehumet
Wu Jian
Zin


Innate Abilities, Weirdness & Mutations

You have very sharp teeth.
Your uncanny sense of smell can sniff out nearby items.
Your experience applies equally to all skills.


Message History

The orc closely misses you. The iguana completely misses you.
Unknown command.
The orc misses you.
You hit the orc.
Your weapon exudes an aura of protection.
The orc is almost dead.
The orc hits you but does no damage. x2
You barely miss the orc.
The orc is almost dead.
The orc hits you but does no damage. The orc closely misses you.
You barely miss the orc.
The orc is almost dead.
The orc hits you but does no damage.
You slash the orc!
Your weapon exudes an aura of protection.
You kill the orc!
Trog accepts your kill.
A white imp comes into view.
The iguana closely misses you.
You closely miss the iguana.
The white imp shouts, "Take thy face hence, thou tottering miscreant apple-john!"
You bite the iguana, but do no damage.
The iguana is lightly wounded.
The iguana barely misses you. The iguana bites you.
* * * LOW HITPOINT WARNING * * *
You closely miss the iguana.
The iguana is lightly wounded.
The iguana bites you.
* * * LOW HITPOINT WARNING * * *
The iguana bites you!
* * * LOW HITPOINT WARNING * * *
Unknown command.
It was a potion of might.
You feel very mighty all of a sudden. The iguana closely misses you.
It was a potion of berserk rage.
You're still recovering from your berserk rage.
The iguana bites you but does no damage.
The iguana bites you!
You die...

.........#
#.#.##.########
#.............#
#...........#.#
#.......###.#.#
#...###.# #.#.####
#.....#.###.#....#
#...#.#.#........#
#@#.....#.#......#
#l###.###.##....##
#...)5)##...........#
#......# ##.........#
#......# #......####
###..... #..)..)#####
#...... #.....).....
#...... ###..#######
#......# #...


You could see an iguana and a white imp.

Vanquished Creatures
  A sky beast (D:6)
  2 orc warriors (D:7)
  3 ice beasts
  An ogre (D:7)
  A phantom (D:5)
  A kobold brigand (D:3)
  2 necrophages
  A bullfrog (D:7)
  2 scorpions
  8 wights
  Crazy Yiuf (D:2)
  5 hounds
  2 jellies
  A gnoll bouda (D:7)
  3 orc priests
  4 iguanas (D:6)
  Natasha (D:3)
  9 gnolls
  4 adders
  2 ufetubi
  2 worms (D:3)
  5 dart slugs
  15 orcs
  2 bat zombies (D:3)
  4 endoplasms
  4 giant cockroaches
  10 goblins
  7 hobgoblins
  9 kobolds
  A quokka (D:2)
  12 ball pythons
  3 bats
  5 frilled lizards
  5 rats
  2 rat zombies (D:3)
140 creatures vanquished.

Notes
Turn   | Place    | Note
-------+----------+-------------------------------------------
     0 | D:1      | Kinoniko the Gnoll Berserker began the quest for the Orb.
     0 | D:1      | Reached XP level 1. HP: 23/23 MP: 1/1
   152 | D:1      | Reached XP level 2. HP: 28/29 MP: 2/2
   428 | D:1      | You fall into a shaft and drop 1 floor!
   709 | D:1      | Reached XP level 3. HP: 35/35 MP: 3/3
   967 | D:2      | Found a glowing silver altar of Zin.
   974 | D:2      | Reached skill level 1 in Invocations
  1209 | D:2      | Reached skill level 1 in Short Blades
  1209 | D:2      | Reached skill level 1 in Long Blades
  1209 | D:2      | Reached skill level 1 in Maces & Flails
  1209 | D:2      | Reached skill level 1 in Polearms
  1209 | D:2      | Reached skill level 1 in Staves
  1209 | D:2      | Reached skill level 1 in Ranged Weapons
  1209 | D:2      | Reached skill level 1 in Throwing
  1209 | D:2      | Reached skill level 1 in Stealth
  1209 | D:2      | Reached skill level 1 in Shields
  1209 | D:2      | Reached skill level 1 in Unarmed Combat
  1209 | D:2      | Reached skill level 1 in Spellcasting
  1209 | D:2      | Reached skill level 1 in Evocations
  1225 | D:2      | Reached ** piety under Trog
  1231 | D:2      | Reached XP level 4. HP: 40/41 MP: 5/5
  1282 | D:2      | Reached skill level 1 in Conjurations
  1282 | D:2      | Reached skill level 1 in Hexes
  1282 | D:2      | Reached skill level 1 in Summonings
  1282 | D:2      | Reached skill level 1 in Necromancy
  1282 | D:2      | Reached skill level 1 in Translocations
  1282 | D:2      | Reached skill level 1 in Transmutations
  1282 | D:2      | Reached skill level 1 in Fire Magic
  1282 | D:2      | Reached skill level 1 in Ice Magic
  1282 | D:2      | Reached skill level 1 in Air Magic
  1282 | D:2      | Reached skill level 1 in Earth Magic
  1282 | D:2      | Reached skill level 1 in Poison Magic
  1837 | D:2      | Found a runed translucent door.
  1838 | D:2      | Noticed Crazy Yiuf
  1961 | D:2      | Killed Crazy Yiuf
  1962 | D:2      | Reached XP level 5. HP: 47/47 MP: 5/7
  2330 | D:3      | Noticed a kobold brigand
  2748 | D:3      | Found an ancient bone altar of Kikubaaqudgha.
  2877 | D:3      | Identified the ring "Sairax" {Drain rF+ rN++ Dex+4}
  2890 | D:3      | Found a faded altar of an unknown god.
  3122 | D:3      | Noticed Natasha
  3130 | D:3      | Killed Natasha
  3182 | D:3      | Found an iron altar of Okawaru.
  3280 | D:3      | Killed a kobold brigand
  3281 | D:3      | Reached skill level 5 in Armour
  3281 | D:3      | Reached skill level 5 in Dodging
  3281 | D:3      | Reached XP level 6. HP: 53/53 MP: 7/9
  3911 | D:4      | Found a sparkling altar of Nemelex Xobeh.
  3912 | D:4      | Found a radiant altar of Vehumet.
  4109 | D:4      | Found an ornate altar of the Wu Jian Council.
  4346 | D:4      | Found a sacrificial altar of Ru.
  4379 | D:4      | Found a staircase to the Ecumenical Temple.
  4731 | D:5      | Entered Level 5 of the Dungeon
  4771 | D:5      | Reached XP level 7. HP: 43/60 MP: 10/10
  5513 | D:5      | Reached XP level 8. HP: 67/67 MP: 12/12
  7138 | D:7      | Reached XP level 9. HP: 46/73 MP: 14/14
  7646 | D:7      | Reached *** piety under Trog
  7765 | D:7      | HP: 2/74 [iguana (9)]
  7767 | D:7      | Mangled by an iguana

Illustrated notes

Levels and vault maps discovered:
D:1:      ebering_trefoil_twist, layout_basic
D:2:      layout_basic, basic_altar, uniq_crazy_yiuf_cottage
D:3:      cheibrodos_thug_alley, layout_basic,
          lemuel_zombie_altar_kikubaaqudgha, marbit_many_paths,
          shapermc_ecumenical_altar_notcrosses, uniq_natasha
D:4:      layout_layer_cave, lemuel_crystal_altar,
          mainiacjoe_overflow_small_starburst, nicolae_overflow_squiral,
          minmay_temple_entry_fiery, kennysheep_generic_room_6
D:5:      layout_gridville
D:6:      layout_loops_ring, minmay_starry_boxes
D:7:      layout_basic, lemuel_crystal_altar, minmay_tree_intersection

Skill      XL: |  1  2  3  4  5  6  7  8  9 |
---------------+----------------------------+-----
Invocations    | 1 2 3 4 |  4.7
Short Blades   | 1 2 3 4 |  4.3
Long Blades    | 1 2 3 4 |  4.3
Maces & Flails | 1 2 3 4 |  4.3
Polearms       | 1 2 3 4 |  4.3
Staves         | 1 2 3 4 |  4.3
Ranged Weapons | 1 2 3 4 |  4.3
Throwing       | 1 2 3 4 |  4.3
Stealth        | 1 2 3 4 |  4.3
Shields        | 1 2 3 4 |  4.3
Unarmed Combat | 1 2 3 4 |  4.3
Spellcasting   | 1 2 3 4 |  4.3
Evocations     | 1 2 3 4 |  4.3
Conjurations   | 1 2 3 |  3.5
Hexes          | 1 2 3 |  3.5
Summonings     | 1 2 3 |  3.5
Necromancy     | 1 2 3 |  3.5
Translocations | 1 2 3 |  3.5
Transmutations | 1 2 3 |  3.5
Fire Magic     | 1 2 3 |  3.5
Ice Magic      | 1 2 3 |  3.5
Air Magic      | 1 2 3 |  3.5
Earth Magic    | 1 2 3 |  3.5
Poison Magic   | 1 2 3 |  3.5
Armour         | 5 6 |  6.3
Dodging        | 5 6 |  6.3
Fighting       | 7 |  7.9
Axes           | 7 |  7.9

Action                   |  1- 3 |  4- 6 |  7- 9 || total
-------------------------+-------+-------+-------++-------
Melee: Hand axe          |    33 |       |       ||    33
       Bite              |     9 |    15 |    25 ||    49
       Whip              |    62 |   201 |    91 ||   354
       Punch             |       |     4 |     9 ||    13
       Scimitar          |       |       |   111 ||   111
Invok: Berserk           |       |     2 |     8 ||    10
  Use: Scroll            |       |    10 |     4 ||    14
       Potion            |       |       |     2 ||     2
 Stab: Sleeping          |     1 |     1 |     3 ||     5
Armor: Leather armour    |     6 |       |       ||     6
       Animal skin       |     3 |       |       ||     3
       Ring mail         |    12 |    80 |    88 ||   180
Dodge: Dodged            |    54 |   105 |   150 ||   309

Table legend: (Time is in decaauts)
 A = Elapsed time spent in this place.
 B = Non-inter-level travel time spent in this place.
 C = Inter-level travel time spent in this place.
 D = Time resting spent in this place.
 E = Time spent auto-exploring this place.
 F = Levels seen in this place.
 G = Mean time per level.
                   A        B        C        D        E       F      G
               +--------+--------+--------+--------+--------+-----+--------+
         Total |   7868 |   7694 |    174 |   1029 |   5605 |   7 | 1124.0 |
       Dungeon |   7868 |   7694 |    174 |   1029 |   5605 |   7 | 1124.0 |
               +--------+--------+--------+--------+--------+-----+--------+

Top non-repeatable levels by time:
     D:3: 1373 daAuts
     D:4: 1336 daAuts
     D:5: 1194 daAuts
     D:2: 1128 daAuts
     D:6: 1091 daAuts
     D:1: 920 daAuts
     D:7: 824 daAuts
